 Dungeon Crawl Stone Soup version 0.22.0-16-gc6d26f6 (webtiles) character file.

19810 Amnesiac the Slinger (level 12, 0/100 HPs)
             Began as a Mummy Hunter on Aug 17, 2018.
             Was the Champion of Okawaru.
             Slain by a frost giant
             ... wielding a +1 battleaxe of freezing
              (4 damage)
             ... in an ice cave.
             The game lasted 00:18:03 (12150 turns).

Amnesiac the Slinger (Mummy Hunter)                Turns: 12150, Time: 00:18:03

Health: 0/100      AC: 14    Str: 25    XL:     12   Next: 39%
Magic:  0/17       EV: 15    Int: 11    God:    Okawaru [******]
Gold:   892        SH:  0    Dex: 15    Spells: 11/11 levels left

rFire    x . .     SeeInvis .   a - +6 hunting sling of Quat {velocity, Dex+2}
rCold    + + .     Gourm    .   (no shield)
rNeg     + + +     Faith    .   k - +2 ring mail {rN+}
rPois    ∞         Spirit   +   (no helmet)
rElec    .         Reflect  .   x - +0 cloak
rCorr    .         Harm     .   d - +1 pair of gloves
MR       +....                  H - +1 pair of boots {Stlth+}
Stlth    +++.......             l - amulet of guardian spirit
HPRegen  0.26/turn              n - +6 ring of strength
MPRegen  0.15/turn              r - ring of protection from cold

@: heroism, finesse
A: no food or potions, fire vulnerability, cold resistance 1, negative energy
resistance 3, torment resistance, unbreathing
a: Heroism, Finesse, Renounce Religion


You were in an ice cave.
You worshipped Okawaru.
Okawaru was exalted by your worship.
You were not hungry.

You visited 3 branches of the dungeon, and saw 12 of its levels.
You also visited: Ossuary and Ice Cave.

You collected 892 gold pieces.

Inventory:

Hand Weapons
 a - the +6 hunting sling of Quat (weapon) {velocity, Dex+2}
   (You acquired it on level 7 of the Dungeon)

   Any stone fired from it inflicts extra damage.
   It affects your dexterity (+2).
 b - a +1 short sword of speed
 D - a +0 blowgun
Missiles
 g - 323 stones
 p - 25 poisoned needles
 A - 74 sling bullets (quivered)
 C - 7 curare-tipped needles
Armour
 d - a +1 pair of gloves (worn)
 k - a +2 ring mail of positive energy (worn)
 m - a +0 pair of boots
 x - a +0 cloak (worn)
 H - a +1 pair of boots of stealth (worn)
Jewellery
 h - an uncursed ring of resist corrosion
 l - an amulet of guardian spirit (around neck)
 n - a +6 ring of strength (left hand)
 r - a ring of protection from cold (right hand)
Wands
 i - a wand of iceblast (6)
 q - a wand of flame (76)
 s - a wand of paralysis (14)
 u - a wand of random effects (24)
 v - a wand of enslavement (25)
 B - a wand of disintegration (12)
 I - a wand of acid (10)
Scrolls
 c - 5 scrolls of teleportation {!r}
 e - 2 scrolls of vulnerability {!r}
 f - 6 scrolls of identify {!r}
 j - 3 scrolls of enchant armour {!r}
 o - 2 scrolls of amnesia {!r}
 t - 2 scrolls of fear {!r}
 w - 4 scrolls of magic mapping {!r, unknown}
 y - 3 scrolls of remove curse {!r}
 z - a scroll of noise {!r, unknown}
 F - a scroll of enchant weapon {!r, unknown}
 G - a scroll of summoning {!r, unknown}
Miscellaneous
 E - a lightning rod (4/4)


   Skills:
 - Level 11.0(16.0) Fighting
 - Level 13.0(18.0) Slings
 - Level 1.5(6.5) Armour
 - Level 1.5(6.5) Dodging
 - Level 0.7(5.7) Stealth
 + Level 7.9 Invocations


You had 11 spell levels left.
You didn't know any spells.
Your spell library contained the following spells:

 Spells                   Type           Power        Failure   Level  Hunger
 Apportation              Tloc           #.....       45%         1    N/A
 Summon Small Mammal      Summ           #...         45%         1    N/A
 Animate Skeleton         Necr           N/A          45%         1    N/A
 Confusing Touch          Hex            #.....       45%         1    N/A

Dungeon Overview and Level Annotations

Branches:
Dungeon (8/15)             Temple (1/1) D:4            Lair (3/6) D:8
  Swamp: Lair:2-4    Shoals: Lair:2-4     Snake: Lair:2-4    Spider: Lair:2-4

Altars:
Ashenzari
Cheibriados
Dithmenos
Elyvilon
Fedhas
Gozag
Hepliaklqana
Kikubaaqudgha
Makhleb
Nemelex Xobeh
Okawaru
Qazlal
Sif Muna
Trog
Uskayaw
Vehumet
Wu Jian
Xom
Yredelemnul
Zin

Shops:
D:7 %

Annotations:
D:7 dig
Lair:2 exclusion: 3 oklob plants


Innate Abilities, Weirdness & Mutations

You do not eat or drink.
Your flesh is vulnerable to fire.
You are immune to poison.
Your flesh is cold resistant. (rC+)
You are immune to negative energy. (rN+++)
You are immune to unholy pain and torment.
You can survive without breathing.


Message History

Press: ? - help, Shift-Dir - straight line, f/p - rime drake
Aim: a rime drake You shoot a sling bullet.
The sling bullet completely misses the rime drake.
Firing (i - inventory. (/) - cycle)
A - 83 sling bullets (quivered)
Press: ? - help, Shift-Dir - straight line, f/p - rime drake
Aim: a rime drake You shoot a sling bullet.
The sling bullet barely misses the rime drake.
The rime drake misses you.
Firing (i - inventory. (/) - cycle)
A - 82 sling bullets (quivered)
Press: ? - help, Shift-Dir - straight line, f/p - rime drake
Aim: a rime drake You shoot a sling bullet.
The sling bullet hits the rime drake.
The rime drake is lightly wounded.
Firing (i - inventory. (/) - cycle)
A - 81 sling bullets (quivered)
Press: ? - help, Shift-Dir - straight line, f/p - rime drake
Aim: a rime drake (lightly wounded)
You shoot a sling bullet. The sling bullet hits the rime drake!!
You kill the rime drake!
Okawaru accepts your kill.
The frost giant points at you and mumbles some strange words.
The bolt of cold hits you! You resist.
You see here 5 sling bullets.
Firing (i - inventory. (/) - cycle)
A - 80 sling bullets (quivered)
Press: ? - help, Shift-Dir - straight line, f - frost giant
Aim: a frost giant, wielding a battleaxe of freezing You shoot a sling bullet.
The sling bullet hits the frost giant!
The frost giant is lightly wounded.
The frost giant hits you with a battleaxe of freezing!!
* * * LOW HITPOINT WARNING * * *
The frost giant freezes you.
* * * LOW HITPOINT WARNING * * *
Firing (i - inventory. (/) - cycle)
A - 79 sling bullets (quivered)
Press: ? - help, Shift-Dir - straight line, f/p - frost giant
Aim: a frost giant, wielding a battleaxe of freezing (lightly wounded)
You shoot a sling bullet.
The sling bullet barely misses the frost giant.
Firing (i - inventory. (/) - cycle)
A - 78 sling bullets (quivered)
Press: ? - help, Shift-Dir - straight line, f/p - frost giant
Aim: a frost giant, wielding a battleaxe of freezing (lightly wounded)
You shoot a sling bullet.
The sling bullet hits the frost giant but does no damage.
The frost giant is lightly wounded.
Firing (i - inventory. (/) - cycle)
A - 77 sling bullets (quivered)
Press: ? - help, Shift-Dir - straight line, f/p - frost giant
Aim: a frost giant, wielding a battleaxe of freezing (lightly wounded)
You shoot a sling bullet. The sling bullet hits the frost giant!
The frost giant is moderately wounded.
Firing (i - inventory. (/) - cycle)
A - 76 sling bullets (quivered)
Press: ? - help, Shift-Dir - straight line, f/p - frost giant
Aim: a frost giant, wielding a battleaxe of freezing (moderately wounded)
You shoot a sling bullet.
The sling bullet hits the frost giant but does no damage.
The frost giant is moderately wounded.
Firing (i - inventory. (/) - cycle)
A - 75 sling bullets (quivered)
Press: ? - help, Shift-Dir - straight line, f/p - frost giant
Aim: a frost giant, wielding a battleaxe of freezing (moderately wounded)
You shoot a sling bullet. The sling bullet hits the frost giant!
The frost giant is heavily wounded.
The frost giant hits you with a battleaxe of freezing!!
* * * LOW HITPOINT WARNING * * *
The frost giant freezes you.
You die...

##Y# ###
#.h.#### ##.##
:$#..Ch#.#
##.#!#
#..Yh..#.##
##.#.##
#..#.## #.####
##k##Y# #..#
#####h##
##..##
##..#.##
##....#
#..@#..#
#.....##
##.##Ch.#
##..#...#
#..###(.#
#..###..##
#.###..####.##
##..# #..#####
#..# ##÷#
###...## ##..#
##†# #).#...#
#..## #†##
##)#...# #†##
#.## ####..##
#..# #..#


You could see a frost giant and a polar bear.

Vanquished Creatures
  An ice dragon (Lair:1)
  4 hydras (Lair:2)
  A death yak (IceCv)
  Sonja (Lair:2)
  An ice statue (IceCv)
  2 spiny frogs (Lair:2)
  A komodo dragon (Lair:2)
  3 rime drakes
  14 polar bears (IceCv)
  Prince Ribbit (D:7)
  Grinder (D:5)
  2 hippogriffs
  Eustachio (D:6)
  25 yaks
  A wraith (Ossuary)
  Menkaure (D:3)
  6 water moccasins
  2 porcupines (Lair:2)
  11 ice beasts
  A phantom (D:8)
  2 black bears (D:6)
  A sky beast (D:5)
  4 ogres
  The ghost of Aviak the Vexing, an amateur DrAM (D:3)
  17 wolves (IceCv)
  2 crocodiles (Lair:2)
  A necrophage (D:8)
  2 centaurs
  4 bullfrogs
  A water moccasin skeleton (D:7)
  A scorpion (D:5)
  5 killer bees (D:8)
  A howler monkey (D:4)
  A crimson imp (D:8)
  A bullfrog zombie (D:7)
  Crazy Yiuf (D:6)
  A centaur zombie (D:4)
  A jelly (D:8)
  3 hounds
  3 orc priests (D:6)
  2 centaur skeletons
  An iguana (D:7)
  3 orc wizards (D:6)
  10 worker ants
  A mummy (Ossuary)
  A worker ant zombie (D:7)
  A howler monkey skeleton (D:8)
  6 gnolls
  8 adders
  A shadow imp (D:6)
  2 oozes
  2 adder skeletons
  An adder zombie (D:4)
  A worm (D:3)
  A dart slug (D:1)
  A leopard gecko (D:1)
  10 orcs
  2 ball pythons
  6 bats
  6 giant cockroaches
  3 goblins
  5 hobgoblins
  5 jackals
  8 kobolds
  A quokka (D:4)
  3 frilled lizards
  8 gnoll skeletons (Ossuary)
  4 kobold skeletons (Ossuary)
  A leopard gecko zombie (D:6)
  13 orc skeletons (Ossuary)
  7 rats
257 creatures vanquished.

Vanquished Creatures (others)
  An electric eel (Lair:1)
  A plant (Lair:2)
2 creatures vanquished.

Grand Total: 259 creatures vanquished

Notes
Turn   | Place    | Note
-------+----------+-------------------------------------------
     0 | D:1      | Amnesiac the Mummy Hunter began the quest for the Orb.
     0 | D:1      | Reached XP level 1. HP: 16/16 MP: 1/1
   289 | D:1      | Reached XP level 2. HP: 14/22 MP: 2/2
  1404 | D:2      | Reached XP level 3. HP: 26/28 MP: 3/3
  1894 | D:2      | Reached skill level 4 in Slings
  2490 | D:3      | Reached skill level 1 in Armour
  2560 | D:3      | Noticed Aviak's ghost (amateur DrAM)
  2563 | D:3      | Found a runed door.
  2594 | D:3      | Reached XP level 4. HP: 34/34 MP: 4/4
  3185 | D:4      | Noticed Menkaure
  3234 | D:3      | Reached XP level 5. HP: 30/41 MP: 3/5
  3333 | D:3      | Killed Menkaure
  3333 | D:3      | Reached skill level 5 in Slings
  3333 | D:3      | Reached XP level 6. HP: 23/48 MP: 4/6
  3664 | D:4      | HP: 2/48 [worker ant (2)]
  3964 | D:4      | Reached XP level 7. HP: 53/55 MP: 7/7
  3979 | D:4      | Found a shattered altar of Ashenzari.
  4048 | D:4      | Reached skill level 6 in Slings
  4116 | D:4      | Found a shadowy altar of Dithmenos.
  4217 | D:4      | Found a staircase to the Ecumenical Temple.
  4610 | Temple   | Entered the Ecumenical Temple
  4655 | Temple   | Became a worshipper of Warmaster Okawaru
  4682 | D:5      | Entered Level 5 of the Dungeon
  4867 | D:5      | Noticed Grinder
  4897 | D:5      | Killed Grinder
  4897 | D:5      | Reached * piety under Okawaru
  4897 | D:5      | Reached skill level 5 in Fighting
  5043 | D:5      | Reached skill level 7 in Slings
  5100 | D:6      | Found a runed door.
  5150 | D:5      | Found an opulent altar of Gozag.
  5192 | D:6      | Reached XP level 8. HP: 63/63 MP: 8/8
  5492 | D:6      | Identified a scroll of acquirement {!r}
  5629 | D:7      | Reached ** piety under Okawaru
  5678 | D:7      | Noticed Prince Ribbit
  5746 | D:7      | Found a bloodstained altar of Trog.
  5746 | D:7      | Found a deep blue altar of Sif Muna.
  5762 | D:7      | Reached skill level 8 in Slings
  5866 | D:7      | Got a twisted hunting sling
  5867 | D:7      | Identified the +6 hunting sling of Quat {velocity, Dex+2} (You acquired it on level 7 of the Dungeon)
  5874 | D:7      | Found a sand-covered staircase.
  5879 | Ossuary  | Entered an ossuary
  6176 | D:7      | Reached XP level 9. HP: 71/71 MP: 9/9
  6371 | D:7      | Killed Prince Ribbit
  6397 | D:7      | Reached *** piety under Okawaru
  6397 | D:7      | Reached skill level 9 in Slings
  6453 | D:7      | Found Azoor's Food Emporium.
  6490 | D:7      | Found a hide-covered altar of Uskayaw.
  6493 | D:7      | Noticed a hand axe
  6493 | D:7      | Noticed a dagger
  6889 | D:3      | Killed Aviak's ghost
  7094 | D:6      | Found an ornate altar of the Wu Jian Council.
  7130 | D:6      | Noticed Eustachio
  7138 | D:6      | Killed Eustachio
  7258 | D:6      | Noticed Crazy Yiuf
  7262 | D:6      | Killed Crazy Yiuf
  7315 | D:8      | Found a shimmering altar of Xom.
  7317 | D:8      | Found an ancient bone altar of Kikubaaqudgha.
  7472 | D:8      | Found an opulent altar of Gozag.
  7476 | D:8      | Found a staircase to the Lair.
  7567 | D:8      | Reached skill level 10 in Slings
  7772 | D:8      | Reached **** piety under Okawaru
  7799 | D:8      | Found a blossoming altar of Fedhas.
  8221 | Lair:1   | Entered Level 1 of the Lair of Beasts
  8276 | Lair:1   | Noticed a rime drake
  8281 | Lair:1   | Killed a rime drake
  8281 | Lair:1   | Reached XP level 10. HP: 72/82 MP: 8/10
  8479 | Lair:1   | Noticed an ice dragon
  8505 | Lair:1   | Killed an ice dragon
  8505 | Lair:1   | Received a gift from Okawaru
  8505 | Lair:1   | Received a gift from Okawaru
  8505 | Lair:1   | Reached ***** piety under Okawaru
  8841 | Lair:1   | Reached skill level 11 in Slings
  9226 | Lair:2   | Noticed a spiny frog
  9231 | Lair:2   | Killed a spiny frog
  9231 | Lair:2   | Received a gift from Okawaru
  9245 | Lair:2   | Noticed a five-headed hydra
  9257 | Lair:2   | Killed a five-headed hydra
  9325 | Lair:2   | Noticed Sonja
  9335 | Lair:2   | Killed Sonja
  9335 | Lair:2   | Received a gift from Okawaru
  9406 | Lair:2   | Noticed a five-headed hydra
  9417 | Lair:2   | Killed a five-headed hydra
  9417 | Lair:2   | Received a gift from Okawaru
  9417 | Lair:2   | Reached skill level 10 in Fighting
  9417 | Lair:2   | Reached XP level 11. HP: 59/90 MP: 5/11
  9450 | Lair:2   | Reached skill level 12 in Slings
  9612 | Lair:2   | Noticed an oklob plant
  9613 | Lair:2   | Noticed an oklob plant
  9613 | Lair:2   | Noticed an oklob plant
  9623 | Lair:2   | Noticed an eight-headed hydra
  9631 | Lair:2   | Killed an eight-headed hydra
  9724 | Lair:2   | Received a gift from Okawaru
  9926 | Lair:2   | Noticed a five-headed hydra
  9934 | Lair:2   | Killed a five-headed hydra
 10558 | Lair:3   | Found a frozen archway.
 10611 | Lair:3   | Received a gift from Okawaru
 10619 | Lair:3   | Got a twisted arbalest {god gift}
 10696 | IceCv    | Entered an ice cave
 10800 | IceCv    | Reached skill level 13 in Slings
 10808 | IceCv    | Reached skill level 1 in Invocations
 11172 | IceCv    | Reached ****** piety under Okawaru
 11172 | IceCv    | Reached XP level 12. HP: 50/100 MP: 7/15
 11341 | IceCv    | Received a gift from Okawaru
 11355 | IceCv    | Reached skill level 5 in Invocations
 11650 | IceCv    | Received a gift from Okawaru
 11848 | IceCv    | Noticed a death yak
 12016 | IceCv    | Killed a death yak
 12123 | IceCv    | Noticed a frost giant
 12150 | IceCv    | HP: 4/100 [frost giant/battleaxe of freezing (30)]
 12150 | IceCv    | Slain by a frost giant

Skill      XL: |  1  2  3  4  5  6  7  8  9 10 11 12 |
---------------+-------------------------------------+-----
Slings         | 4 5 7 8 10 11 13 | 13.0
Armour         | 1 |  1.5
Fighting       | 3 4 5 6 8 10 11 | 11.0
Invocations    | 4 7 |  7.9
Dodging        | |  1.5
Stealth        | |  0.7

Action                   |  1- 3 |  4- 6 |  7- 9 | 10-12 || total
-------------------------+-------+-------+-------+-------++-------
Melee: Short sword       |    56 |       |       |       ||    56
 Fire: Hunting sling     |   106 |   167 |   470 |   578 ||  1321
Invok: Heroism           |       |       |     4 |     5 ||     9
       Finesse           |       |       |       |     2 ||     2
Evoke: Wand              |       |       |       |     2 ||     2
  Use: Scroll            |       |     5 |     9 |       ||    14
Armor: Leather armour    |     9 |       |       |       ||     9
       Ring mail         |    19 |    22 |    67 |   108 ||   216
Dodge: Dodged            |    68 |    51 |    86 |   126 ||   331
